General information
			
			
        
        - name: BNet
 
        - type: Ladder 1vs1/FFA
 
        - host: Battle.net
 
        - saver: AShamefulNiggr
 
        
map: TerenasStand 
        - players: 2
 
        - length: 10:58
 
        - speed: Fast
 - version: 1.22 W3XP
 - replay type:  Public
 
» download(51 KB)
Players
        team 1 (loser) 
              
              
Vral (
pink | 303 APM | 3307 actions | 10:55)
              
 4 Blademaster 
 2 Wind Walk
 2 Critical Strike
 
                » actions 
                
                | Assign group hotkey | 770 |  | 
| Basic commands | 116 |  | 
| Build / train | 43 |  | 
| ESC pressed | 3 |  | 
| Enter build submenu | 18 |  | 
| Enter hero's abilities submenu | 4 |  | 
| Give item / drop item | 4 |  | 
| Right click | 569 |  | 
| Select / deselect | 183 |  | 
| Select group hotkey | 1494 |  | 
| Use ability | 103 |  | 
                3307 total
 » units 
                
                | Peon | 10 |  | 
| Grunt | 7 |  | 
| Goblin Shredder | 1 |  | 
                18 total
 » upgrades
                
                | Berserker Strength | 1 |  | 
| Backpack | 1 |  | 
                2 total
 » buildings
                
                | Altar of Storms | 2 |  | 
| Orc Burrow | 9 |  | 
| Barracks | 1 |  | 
| Voodoo Lounge | 1 |  | 
| Stronghold | 2 |  | 
| Great Hall | 1 |  | 
| War Mill | 1 |  | 
| Watch Tower | 2 |  | 
                19 total
 » build order
                00:03 Altar of Storms
00:06 Altar of Storms
00:17 Orc Burrow
00:36 Barracks
01:31 Orc Burrow
01:51 Voodoo Lounge
03:19 Orc Burrow
03:50 Stronghold
03:50 Stronghold
04:36 Great Hall
05:41 Orc Burrow
05:49 Orc Burrow
06:09 Orc Burrow
06:50 Orc Burrow
07:00 War Mill
08:54 Orc Burrow
09:00 Orc Burrow
10:45 Watch Tower
10:47 Watch Tower
» items
                
                | Healing Salve | 4 |  | 
| Circlet of Nobility | 1 |  | 
| Boots of Speed | 1 |  | 
| Lesser Clarity Potion | 2 |  | 
| Scroll of Speed | 1 |  | 
| Potion of Lesser Invulnerability | 1 |  | 
| Potion of Mana | 1 |  | 
                11 total
  
               team 2 (winner) 
              
              
AShamefulNiggr (
orange | 119 APM | 1310 actions | 10:58)
              
 3 Archmage 
 2 Summon Water Elemental
 1 Brilliance Aura
 1 Mountain King 
 1 Storm Bolt
 
                » actions 
                
                | Assign group hotkey | 21 |  | 
| Basic commands | 17 |  | 
| Build / train | 45 |  | 
| Enter build submenu | 19 |  | 
| Enter hero's abilities submenu | 4 |  | 
| Give item / drop item | 2 |  | 
| Right click | 649 |  | 
| Select / deselect | 257 |  | 
| Select group hotkey | 245 |  | 
| Use ability | 51 |  | 
                1310 total
 » units 
                
                | Peasant | 8 |  | 
| Footman | 5 |  | 
| Sorceress | 3 |  | 
| Priest | 3 |  | 
| Spell Breaker | 3 |  | 
                22 total
 » upgrades
                » buildings
                
                | Altar of Kings | 1 |  | 
| Farm | 8 |  | 
| Barracks | 1 |  | 
| Keep | 1 |  | 
| Scout Tower | 1 |  | 
| Arcane Tower | 1 |  | 
| Arcane Vault | 1 |  | 
| Arcane Sanctum | 2 |  | 
| Lumber Mill | 1 |  | 
| Guard Tower | 3 |  | 
                20 total
 » build order
                00:06 Altar of Kings
00:10 Farm
00:15 Barracks
00:58 Farm
01:56 Farm
02:14 Farm
03:07 Keep
03:16 Scout Tower
03:56 Arcane Tower
04:00 Arcane Vault
04:25 Farm
04:30 Farm
05:35 Arcane Sanctum
06:11 Arcane Sanctum
07:02 Farm
07:52 Farm
09:10 Lumber Mill
10:20 Guard Tower
10:25 Guard Tower
10:34 Guard Tower
» items
                
                | Boots of Speed | 1 |  | 
| Potion of Healing | 4 |  | 
| Scroll of Regeneration | 2 |  | 
| Ivory Tower | 4 |  | 
                11 total
  
                Chat log
          
(10:54 / All) Vral: good hack